 Dungeon Crawl Stone Soup version 0.21-a0-2-ge494091 (webtiles) character file.

12809 MirrMurr the Basher (level 11, -12/72 HPs)
             Began as a Gargoyle Berserker on May 21, 2017.
             Was a High Priest of Trog.
             Shot with an arrow by a deep elf archer (15 damage)
             ... on level 10 of the Dungeon.
             The game lasted 00:24:43 (9766 turns).

MirrMurr the Basher (Gargoyle Berserker)            Turns: 9766, Time: 00:24:44

Health: -12/72     AC: 22    Str: 23    XL:     11   Next: 99%
Magic:  11/11      EV:  8    Int:  8    God:    Trog [*****.]
Gold:   520        SH:  6    Dex: 10    Spells: 10/10 levels left

rFire    . . .     SeeInvis .   a - +3 flail (drain)
rCold    . . .     Gourm    .   w - +1 buckler
rNeg     + . .     Faith    .   y - +0 plate armour
rPois    ∞         Spirit   .   (no helmet)
rElec    +         Reflect  .   (no cloak)
rCorr    .         Harm     .   (no gloves)
MR       .....                  i - +0 pair of boots
Stlth    ..........             (no amulet)
Regen    0.3/turn               G - ring of stealth
MPRegen  0.2/turn               (no ring)

@: slowed, very slow
A: negative energy resistance 1, electricity resistance, unbreathing,
petrification resistance, rot immunity, AC +7
a: Berserk, Trog's Hand, Brothers in Arms, Burn Spellbooks, Renounce Religion


You were on level 10 of the Dungeon.
You worshipped Trog.
Trog was extremely pleased with you.
You were hungry.

You visited 1 branch of the dungeon, and saw 10 of its levels.

You collected 520 gold pieces.

Inventory:

Hand Weapons
 a - a +3 flail of draining (weapon)
 b - a +0 blowgun
Missiles
 g - 427 stones
 u - 76 poisoned needles
 O - 7 javelins of returning (quivered)
Armour
 i - a +0 pair of boots (worn)
 w - a +1 buckler (worn)
 y - a +0 plate armour (worn)
Jewellery
 d - an uncursed ring of poison resistance {unknown}
 G - a ring of stealth (left hand)
Wands
 s - a wand of iceblast (4/15)
 t - a wand of lightning (6/15)
 A - a wand of confusion (24/48)
 E - a wand of digging (10/24)
Scrolls
 e - 5 scrolls of teleportation
 n - 2 scrolls of recharging
 r - 9 scrolls of remove curse
Potions
 l - 2 potions of ambrosia
 m - a potion of might {unknown}
 o - 3 potions of agility
 q - 2 potions of magic {unknown}
 v - 4 potions of curing
 x - 2 potions of resistance {unknown}
 C - 2 potions of haste {unknown}
 D - a potion of berserk rage {unknown}
 H - 3 potions of heal wounds {unknown}
 J - a potion of flight {unknown}
 K - a potion of lignification
Miscellaneous
 B - a box of beasts
Comestibles
 c - 2 bread rations
 k - 3 meat rations
 F - 3 fruits
 I - 6 royal jellies
 L - 6 chunks of flesh


   Skills:
 + Level 9.7 Fighting
 * Level 12.0 Maces & Flails
 + Level 9.1 Armour
 - Level 4.1 Dodging
 + Level 8.6 Shields


You had 10 spell levels left.
You didn't know any spells.

Dungeon Overview and Level Annotations

Branches:
Dungeon (10/15)            Temple (0/1) D:6            Lair (0/6) D:8
    Orc: D:9-12

Altars:
Dithmenos
Fedhas
Kikubaaqudgha
Makhleb
Nemelex Xobeh
Okawaru
Qazlal
Ru
Sif Muna
Vehumet
Wu Jian
Xom
Yredelemnul
Zin

Shops:
D:5 =   D:10 [


Innate Abilities, Weirdness & Mutations

You are resistant to torment.
Your stone body is resilient. (AC +7)
You are immune to poison.
You resist negative energy. (rN+)
You are resistant to electric shocks. (rElec)
You can survive without breathing.
You are immune to petrification.
You are immune to rotting.


Message History

The stone giant is almost dead.
The stone giant hits you but does no damage.
The deep elf archer shoots an arrow.
The arrow hits you!
* * * LOW HITPOINT WARNING * * *
The stone giant hits you but does no damage.
You are too injured to fight recklessly!
You hit the stone giant. You drain the stone giant!
You kill the stone giant!
Trog accepts your kill.
Your Armour skill increases to level 9!
The deep elf archer shoots an arrow.
The arrow hits you!
* * * LOW HITPOINT WARNING * * *
You are too injured to fight recklessly!
You bludgeon the deep elf archer!! You drain the deep elf archer!
You kill the deep elf archer!
Trog accepts your kill.
Trog appreciates your killing of a magic user.
Your Maces & Flails skill increases to level 12!
The deep elf archer shoots an arrow.
The arrow hits you!
You die...

.+...#.# ##.#..#
#######.## ## .##.##.
#)##.## #...#
##..#.###.###.#..##
#.### #..##
........##..# #.# ..##
########.##.######'###
.## #..#....).((..# .#
#######.##.........#
.#
#####.##.#....)....#
##
C.:y..'#@##........# #
#)..#........# #
##...##.......#
#.....#.......#
##.....##......#
#.......# ##...e...##
#.........#
#.........#


You could see a deep elf archer.

Vanquished Creatures
  A stone giant (D:10)
  An ogre mage (D:10)
  3 two-headed ogres
  An unseen horror (D:10)
  A deep elf archer (D:10)
  A lindwurm (shapeshifter) (D:10)
  An orc knight (D:10)
  The ghost of Angani the Cutter, a novice VSFi (D:5)
  2 trolls
  A hornet (D:10)
  2 hippogriffs
  A wraith (D:7)
  2 wyverns (D:9)
  The ghost of Welfe the Chopper, an amateur HOFi of Hepliaklqana (D:4)
  Menkaure (D:7)
  Edmund (D:4)
  A water moccasin (D:9)
  2 porcupines (D:8)
  An orc warrior (D:8)
  2 ice beasts
  A necrophage (D:8)
  4 black bears
  2 eyes of draining
  4 ogres
  2 phantoms
  11 centaurs
  A crocodile (D:10)
  4 big kobolds
  A gnoll sergeant (D:6)
  5 bullfrogs
  A wyvern zombie (D:8)
  8 killer bees
  5 wights
  A howler monkey (D:4)
  3 crimson imps
  A quasit (D:10)
  5 hounds
  5 orc priests
  A bullfrog zombie (D:10)
  4 orc wizards
  5 jellies
  A bullfrog skeleton (D:10)
  A centaur skeleton (D:7)
  5 worker ants
  2 iguanas
  A hound zombie (D:8)
  A mummy (D:7)
  A worker ant zombie (D:9)
  2 howler monkey zombies
  9 gnolls
  12 adders
  3 shadow imps
  An adder zombie (D:7)
  An adder skeleton (D:4)
  2 worms (D:2)
  5 dart slugs
  6 leopard geckos
  25 orcs
  A ball python (D:6)
  A giant cockroach (D:1)
  6 goblins
  6 hobgoblins
  10 jackals
  7 quokkas
  6 bats
  5 frilled lizards
  A jackal skeleton (D:7)
  23 kobolds
  2 quokka skeletons
  3 rats (D:1)
250 creatures vanquished.

Vanquished Creatures (others)
  4 fungi (D:8)
  2 plants (D:8)
6 creatures vanquished.

Grand Total: 256 creatures vanquished

Notes
Turn   | Place    | Note
-------+----------+-------------------------------------------
     0 | D:1      | MirrMurr the Gargoyle Berserker began the quest for the Orb.
     0 | D:1      | Reached XP level 1. HP: 14/14 MP: 1/1
   244 | D:1      | Reached XP level 2. HP: 16/19 MP: 2/2
  1225 | D:2      | Reached XP level 3. HP: 24/24 MP: 3/3
  1494 | D:2      | Reached ** piety under Trog
  1703 | D:3      | Reached XP level 4. HP: 28/29 MP: 4/4
  1953 | D:3      | Reached skill level 4 in Maces & Flails
  1958 | D:3      | Found a shadowy altar of Dithmenos.
  2438 | D:4      | Noticed a centaur
  2446 | D:4      | Killed a centaur
  2446 | D:4      | Reached skill level 1 in Shields
  2446 | D:4      | Reached XP level 5. HP: 26/33 MP: 5/5
  2557 | D:4      | Noticed Edmund
  2590 | D:4      | Killed Edmund
  2590 | D:4      | Reached XP level 6. HP: 39/39 MP: 6/6
  2851 | D:4      | Noticed Welfe's ghost (amateur HOFi)
  2868 | D:4      | Killed Welfe's ghost
  2868 | D:4      | Reached skill level 5 in Maces & Flails
  3022 | D:4      | Reached XP level 7. HP: 43/44 MP: 7/7
  3040 | D:4      | Reached skill level 5 in Fighting
  3349 | D:5      | Entered Level 5 of the Dungeon
  3359 | D:5      | Reached *** piety under Trog
  3543 | D:5      | Found a glowing silver altar of Zin.
  3597 | D:5      | Found a blossoming altar of Fedhas.
  3601 | D:5      | Found a burning altar of Makhleb.
  3602 | D:5      | Noticed an angel
  3603 | D:5      | Noticed a cacodemon
  3617 | D:5      | Found Qyjaqowa's Jewellery Shop.
  3635 | D:5      | Reached skill level 6 in Maces & Flails
  3642 | D:5      | Reached XP level 8. HP: 40/49 MP: 8/8
  3846 | D:5      | Noticed Angani's ghost (novice VSFi)
  3861 | D:5      | Killed Angani's ghost
  4015 | D:5      | Found a shimmering altar of Xom.
  4171 | D:5      | Found a shimmering altar of Xom.
  4316 | D:6      | Reached skill level 7 in Maces & Flails
  4331 | D:6      | Reached skill level 5 in Armour
  4541 | D:6      | Reached XP level 9. HP: 45/55 MP: 9/9
  4721 | D:6      | Found a staircase to the Ecumenical Temple.
  5134 | D:7      | Noticed Menkaure
  5134 | D:7      | Found a basalt altar of Yredelemnul.
  5134 | D:7      | Found an ancient bone altar of Kikubaaqudgha.
  5141 | D:7      | Killed Menkaure
  5141 | D:7      | Reached skill level 8 in Maces & Flails
  5335 | D:7      | Reached **** piety under Trog
  5338 | D:7      | Reached skill level 5 in Shields
  5641 | D:7      | Found a deep blue altar of Sif Muna.
  5730 | D:7      | Found a sparkling altar of Nemelex Xobeh.
  6240 | D:8      | Reached XP level 10. HP: 61/63 MP: 10/10
  6370 | D:8      | Reached skill level 9 in Maces & Flails
  6551 | D:8      | Found a sparkling altar of Nemelex Xobeh.
  6574 | D:8      | Reached ***** piety under Trog
  6588 | D:8      | Found a staircase to the Lair.
  6661 | D:8      | Noticed a two-headed ogre
  6671 | D:8      | Killed a two-headed ogre
  7032 | D:8      | Found a radiant altar of Vehumet.
  7344 | D:8      | Received a gift from Trog
  7359 | D:8      | Found an iron altar of Okawaru.
  7360 | D:8      | Found a sacrificial altar of Ru.
  7360 | D:8      | Found an ornate altar of the Wu Jian Council.
  7366 | D:8      | Found a stormy altar of Qazlal.
  7367 | D:8      | Found a shimmering altar of Xom.
  7596 | D:9      | Noticed a two-headed ogre
  7608 | D:9      | Killed a two-headed ogre
  7608 | D:9      | Reached skill level 10 in Maces & Flails
  8206 | D:9      | Reached XP level 11. HP: 60/69 MP: 11/11
  8704 | D:10     | Entered Level 10 of the Dungeon
  8734 | D:10     | Received a gift from Trog
  8797 | D:10     | Found Wecserch's Armour Shoppe.
  8881 | D:10     | Killed an unseen horror
  9160 | D:10     | Reached skill level 11 in Maces & Flails
  9246 | D:10     | Noticed a two-headed ogre
  9273 | D:10     | Killed a two-headed ogre
  9506 | D:10     | Noticed an orc knight
  9518 | D:10     | Killed an orc knight
  9620 | D:10     | Noticed an ogre mage
  9629 | D:10     | Paralysed by an ogre mage for 2 turns
  9635 | D:10     | Killed an ogre mage
  9735 | D:10     | Noticed a stone giant
  9746 | D:10     | Noticed a lindwurm
  9746 | D:10     | a merfolk changed into a lindwurm
  9751 | D:10     | Noticed a deep elf archer
  9751 | D:10     | Killed a lindwurm
  9755 | D:10     | Noticed a deep elf archer
  9765 | D:10     | Killed a stone giant
  9765 | D:10     | HP: 3/72 [deep elf archer/arrow (15)]
  9766 | D:10     | Killed a deep elf archer
  9766 | D:10     | Reached skill level 12 in Maces & Flails
  9766 | D:10     | Shot with an arrow by a deep elf archer

Vault maps used:
D:1:      minmay_arrival_jagged, minmay_misc_feat_x, minmay_misc_feat_tiny
D:3:      first_bread, nicolae_dithmenos_through_a_glass_darkly
D:4:      uniq_edmund
D:5:      grunt_temple_overflow_order_and_chaos_2, serial_shops, shop_statue,
          hangedman_feature_mirror, dk_xom_monty_hall
D:6:      temple_green
D:7:      gammafunk_temple_of_torment, basic_altar, enter_bailey_8,
          nemelex_spade_bored_becter
D:8:      minitemple, nicolae_overflow_crystal_walls,
          grunt_lair_entry_orc_guard_hut
D:10:     serial_shops, shop, minmay_the_grid_triangle_9x9_recursive_2

Skill      XL: |  1  2  3  4  5  6  7  8  9 10 11 |
---------------+----------------------------------+-----
Dodging        | 2 3 4 |  4.1
Fighting       | 4 5 6 7 8 9 |  9.7
Maces & Flails | 4 5 6 7 8 10 12 | 12.0
Shields        | 1 2 3 4 5 7 8 |  8.6
Armour         | 3 4 5 6 7 9 |  9.1

Action                   |  1- 3 |  4- 6 |  7- 9 | 10-12 || total
-------------------------+-------+-------+-------+-------++-------
Melee: Mace              |   113 |    94 |       |       ||   207
       Flail             |       |    24 |   390 |   429 ||   843
Invok: Berserk           |     2 |     2 |     4 |     6 ||    14
       Burn Spellbooks   |       |     1 |     1 |     1 ||     3
       Trog's Hand       |       |       |     1 |       ||     1
  Use: Scroll            |       |     3 |     1 |    13 ||    17
  Eat: Chunk             |     5 |     4 |     8 |    18 ||    35
       Royal jelly       |       |     1 |       |       ||     1
       Meat ration       |       |       |     1 |       ||     1
       Fruit             |       |       |     1 |       ||     1
Armor: Leather armour    |    22 |       |       |       ||    22
       Animal skin       |     2 |       |       |       ||     2
       Chain mail        |    50 |    41 |       |       ||    91
       Plate armour      |       |    30 |   330 |   273 ||   633
Dodge: Dodged            |    62 |    43 |   184 |   139 ||   428
Block: Buckler           |       |    18 |   102 |   109 ||   229
